[ AOE2 MATCH · #481464530 ]
Team RMKhmer vs Ethiopians
[ REPLAY ANALYSIS · EXTRACTED FROM THE RECORDED GAME ]
Feudal
—
Castle
—
Imperial
—
| APM avg | 16.3 |
| APM peak | 36 |
| eAPM avg | 9.2 |
| Villagers / military | 50 / 0 |
Focus
⚔️ 1.9% · 🌾 98.1%
Feudal
—
Castle
—
Imperial
—
| APM avg | 22.0 |
| APM peak | 43 |
| eAPM avg | 11.4 |
| Villagers / military | 30 / 0 |
Focus
⚔️ 6.8% · 🌾 93.2%
Feudal
13:19
Castle
—
Imperial
—
| APM avg | 32.7 |
| APM peak | 60 |
| eAPM avg | 10.8 |
| Villagers / military | 47 / 0 |
Focus
⚔️ 21.1% · 🌾 78.9%
Feudal
11:59
Castle
—
Imperial
—
| APM avg | 10.8 |
| APM peak | 27 |
| eAPM avg | 6.8 |
| Villagers / military | 25 / 0 |
Focus
⚔️ 0.0% · 🌾 100.0%
Feudal
—
Castle
—
Imperial
—
| APM avg | 15.6 |
| APM peak | 28 |
| eAPM avg | 8.8 |
| Villagers / military | 22 / 0 |
Focus
⚔️ 12.9% · 🌾 87.1%
Feudal
—
Castle
—
Imperial
—
| APM avg | 25.9 |
| APM peak | 50 |
| eAPM avg | 18.2 |
| Villagers / military | 52 / 0 |
Focus
⚔️ 15.8% · 🌾 84.2%
Feudal
—
Castle
—
Imperial
—
| APM avg | 20.5 |
| APM peak | 49 |
| eAPM avg | 13.5 |
| Villagers / military | 47 / 0 |
Focus
⚔️ 5.3% · 🌾 94.7%
Feudal
—
Castle
—
Imperial
—
| APM avg | 21.7 |
| APM peak | 43 |
| eAPM avg | 12.2 |
| Villagers / military | 27 / 0 |
Focus
⚔️ 15.7% · 🌾 84.3%
Match map
Initial resources + every placement click. Lines = walls · curves = elevation contours. ◆ gold · ⬟ stone · ● berries · ✦ relic · ◌ wall gap
Your base· ✓ Closed at 12:00 · 0t walls · no gate
AlexShukov13's base· ✓ Closed at 12:00 · 0t walls · no gate
david_gonz's base· ✓ Closed at 12:00 · 0t walls · no gate
JAF23's base· ✓ Closed at 12:00 · 0t walls · no gate
MANlGOLDO's base· ✓ Closed at 12:00 · 10t walls · no gate
SolMat's base· ✓ Closed at 12:00 · 27t walls · no gate
YJHAN's base· ✓ Closed at 12:00 · 9t walls · 1 gate(s)
Mariscal_Lopez's base· ✓ Closed at 12:00 · 13t walls · no gate
Smoothed initial terrain · ◌ = detected wall gap · hover for details
Inputs per minute
— fedeginard - - AlexShukov13
Build order — fedeginard
48 actions detected in the replay
| 0:36 | Build | House |
| 0:38 | Build | House |
| 0:46 | Create | Villager (Male) ×4 |
| 0:46 | Create | Villager (Male) ×4 |
| 2:44 | Create | Villager (Male) |
| 2:44 | Create | Villager (Male) ×2 |
| 2:45 | Create | Villager (Male) |
| 3:41 | Create | Villager (Male) ×2 |
| 3:41 | Create | Villager (Male) ×2 |
| 4:05 | Create | Villager (Male) |
| 4:05 | Create | Villager (Male) |
| 4:41 | Create | Villager (Male) ×2 |
| 4:42 | Create | Villager (Male) ×2 |
| 4:55 | Build | House |
| 5:12 | Build | Lumber Camp |
| 5:22 | Build | House |
| 5:46 | Create | Villager (Male) ×5 |
| 5:46 | Create | Villager (Male) ×5 |
| 6:29 | Create | Villager (Male) |
| 6:29 | Create | Villager (Male) |
| 6:54 | Build | Mill |
| 7:57 | Build | Farm |
| 8:12 | Create | Villager (Male) |
| 8:12 | Create | Villager (Male) |
| 8:12 | Create | Villager (Male) |
| 8:19 | Build | Farm |
| 8:48 | Build | Farm |
| 8:54 | Research | Loom |
| 9:07 | Build | House |
| 9:13 | Create | Villager (Male) |
| 9:13 | Create | Villager (Male) |
| 9:49 | Build | Farm |
| 9:52 | Create | Villager (Male) ×5 |
| 9:53 | Create | Villager (Male) ×2 |
| 9:53 | Create | Villager (Male) ×2 |
| 10:25 | Build | Farm |
| 10:27 | Create | Villager (Male) |
| 10:27 | Create | Villager (Male) |
| 10:47 | Build | Farm |
| 11:20 | Build | Farm |
| 11:34 | Build | House |
| 11:42 | Build | House |
| 11:58 | Build | Mill |
| 12:04 | Build | Farm |
| 12:20 | Build | Farm |
| 12:30 | Build | Farm |
| 12:55 | Build | Mining Camp |
| 13:02 | Research | Feudal Age |
Build order — AlexShukov13
47 actions detected in the replay
| 0:02 | Research | Loom |
| 0:02 | Create | Villager (Male) |
| 0:02 | Create | Villager (Male) |
| 0:03 | Create | Villager (Male) |
| 0:03 | Create | Villager (Male) |
| 0:03 | Create | Villager (Male) |
| 0:10 | Build | House |
| 0:11 | Build | House |
| 1:55 | Create | Villager (Male) |
| 2:15 | Create | Villager (Male) |
| 2:15 | Create | Villager (Male) |
| 2:51 | Create | Villager (Male) |
| 2:52 | Create | Villager (Male) |
| 2:52 | Create | Villager (Male) |
| 3:05 | Build | Lumber Camp |
| 3:28 | Create | Villager (Male) |
| 3:28 | Create | Villager (Male) |
| 4:16 | Build | House |
| 4:17 | Build | House |
| 4:30 | Create | Villager (Male) |
| 4:30 | Create | Villager (Male) |
| 4:30 | Create | Villager (Male) |
| 5:44 | Create | Villager (Male) |
| 6:31 | Create | Villager (Male) |
| 6:31 | Create | Villager (Male) |
| 6:31 | Create | Villager (Male) |
| 6:31 | Create | Villager (Male) |
| 6:32 | Create | Villager (Male) |
| 7:01 | Build | House |
| 7:02 | Build | House |
| 7:27 | Create | Villager (Male) |
| 7:52 | Create | Villager (Male) |
| 8:09 | Build | Mill |
| 8:14 | Create | Villager (Male) |
| 8:15 | Create | Villager (Male) |
| 8:15 | Create | Villager (Male) |
| 8:36 | Build | Mill |
| 9:17 | Build | House |
| 9:18 | Build | House |
| 9:56 | Create | Villager (Male) |
| 9:57 | Create | Villager (Male) |
| 9:57 | Create | Villager (Male) |
| 10:43 | Build | Farm |
| 11:11 | Build | Mining Camp |
| 11:31 | Research | Feudal Age |
| 12:50 | Build | Mill |
| 13:16 | Build | Farm |
Build order — david_gonz
41 actions detected in the replay
| 0:01 | Create | Villager (Male) ×4 |
| 0:02 | Build | House |
| 0:04 | Build | House |
| 1:11 | Create | Villager (Male) |
| 1:40 | Create | Villager (Male) |
| 1:40 | Create | Villager (Male) |
| 1:49 | Build | Lumber Camp |
| 2:34 | Create | Villager (Male) ×2 |
| 2:34 | Create | Villager (Male) ×2 |
| 3:08 | Create | Villager (Male) |
| 3:08 | Create | Villager (Male) |
| 4:06 | Build | House |
| 4:07 | Build | House |
| 4:08 | Build | House |
| 4:11 | Create | Villager (Male) ×2 |
| 4:57 | Create | Villager (Male) |
| 4:58 | Create | Villager (Male) |
| 5:00 | Create | Villager (Male) |
| 5:00 | Create | Villager (Male) |
| 5:57 | Build | Mill |
| 6:09 | Create | Villager (Male) ×2 |
| 6:26 | Create | Villager (Male) ×3 |
| 6:27 | Create | Villager (Male) ×3 |
| 6:55 | Create | Villager (Male) ×2 |
| 6:55 | Create | Villager (Male) ×2 |
| 7:18 | Create | Villager (Male) ×2 |
| 7:19 | Create | Villager (Male) ×2 |
| 7:39 | Create | Villager (Male) ×2 |
| 7:39 | Create | Villager (Male) ×2 |
| 8:06 | Research | Loom |
| 8:19 | Build | Mining Camp |
| 8:29 | Create | Villager (Male) ×5 |
| 8:30 | Create | Villager (Male) |
| 10:08 | Research | Feudal Age |
| 10:49 | Build | Mining Camp |
| 11:24 | Create | Villager (Male) |
| 11:24 | Create | Villager (Male) |
| 13:19 | Age | Feudal Age |
| 13:21 | Build | Market |
| 13:24 | Build | Blacksmith |
| 13:25 | Research | Double-Bit Axe |
Build order — JAF23
38 actions detected in the replay
| 0:03 | Create | Villager (Male) |
| 0:07 | Build | House |
| 0:08 | Build | House |
| 0:11 | Build | House |
| 0:18 | Create | Villager (Male) |
| 0:18 | Create | Villager (Male) |
| 0:19 | Create | Villager (Male) |
| 1:42 | Create | Villager (Male) |
| 2:04 | Create | Villager (Male) |
| 2:38 | Create | Villager (Male) |
| 2:47 | Create | Villager (Male) |
| 3:10 | Create | Villager (Male) |
| 3:41 | Create | Villager (Male) |
| 3:44 | Create | Villager (Male) |
| 3:45 | Research | Loom |
| 4:06 | Create | Villager (Male) |
| 4:45 | Create | Villager (Male) |
| 4:55 | Build | Lumber Camp |
| 4:58 | Build | House |
| 5:02 | Create | Villager (Male) |
| 5:02 | Create | Villager (Male) |
| 5:02 | Create | Villager (Male) |
| 5:20 | Create | Villager (Male) |
| 5:59 | Create | Villager (Male) |
| 5:59 | Create | Villager (Male) |
| 6:28 | Create | Villager (Male) |
| 6:34 | Build | House |
| 8:00 | Build | Mill |
| 8:15 | Create | Villager (Male) |
| 9:24 | Create | Villager (Male) |
| 9:24 | Research | Feudal Age |
| 9:54 | Build | Mining Camp |
| 10:32 | Create | Villager (Male) |
| 10:59 | Build | Mill |
| 11:07 | Build | House |
| 11:12 | Create | Villager (Male) |
| 11:13 | Create | Villager (Male) |
| 11:59 | Age | Feudal Age |
Build order — MANlGOLDO
36 actions detected in the replay
| 0:01 | Create | Villager (Male) |
| 0:03 | Build | House |
| 0:08 | Build | House |
| 0:25 | Research | Loom |
| 1:02 | Create | Villager (Male) |
| 1:02 | Create | Villager (Male) |
| 1:02 | Create | Villager (Male) |
| 1:46 | Build | Palisade Wall |
| 2:45 | Build | Palisade Wall |
| 2:49 | Build | Palisade Wall |
| 3:30 | Build | Lumber Camp |
| 3:55 | Create | Villager (Male) |
| 4:40 | Create | Villager (Male) |
| 5:18 | Create | Villager (Male) |
| 5:45 | Create | Villager (Male) |
| 5:54 | Build | House |
| 6:21 | Create | Villager (Male) |
| 6:40 | Create | Villager (Male) |
| 7:07 | Create | Villager (Male) |
| 7:42 | Create | Villager (Male) |
| 8:03 | Create | Villager (Male) |
| 8:29 | Create | Villager (Male) |
| 8:55 | Build | Mill |
| 8:56 | Create | Villager (Male) |
| 8:57 | Create | Villager (Male) |
| 9:21 | Create | Villager (Male) |
| 10:07 | Create | Villager (Male) |
| 10:14 | Build | House |
| 11:00 | Create | Villager (Male) |
| 11:17 | Create | Villager (Male) |
| 11:53 | Create | Villager (Male) |
| 12:21 | Build | House |
| 12:25 | Create | Villager (Male) |
| 12:51 | Research | Feudal Age |
| 13:05 | Build | Mining Camp |
| 13:11 | Build | House |
Build order — SolMat
68 actions detected in the replay
| 0:03 | Create | Villager (Male) |
| 0:03 | Create | Villager (Male) |
| 0:04 | Create | Villager (Male) |
| 0:04 | Create | Villager (Male) |
| 0:04 | Create | Villager (Male) |
| 0:07 | Build | House |
| 0:10 | Build | House |
| 0:13 | Research | Loom |
| 0:13 | Research | Loom |
| 0:17 | Create | Villager (Male) |
| 0:17 | Create | Villager (Male) |
| 0:18 | Create | Villager (Male) |
| 0:18 | Create | Villager (Male) |
| 0:21 | Research | Loom |
| 0:21 | Research | Loom |
| 0:22 | Create | Villager (Male) |
| 0:22 | Create | Villager (Male) |
| 0:22 | Create | Villager (Male) |
| 0:22 | Create | Villager (Male) |
| 0:23 | Create | Villager (Male) |
| 0:44 | Build | Palisade Wall |
| 0:56 | Build | Palisade Wall |
| 3:00 | Build | House |
| 3:22 | Build | House |
| 3:53 | Build | House |
| 4:01 | Build | House |
| 4:28 | Build | Palisade Wall |
| 4:29 | Build | Palisade Wall |
| 4:49 | Create | Villager (Male) |
| 4:49 | Create | Villager (Male) |
| 4:49 | Create | Villager (Male) |
| 5:29 | Create | Villager (Male) |
| 5:29 | Create | Villager (Male) |
| 6:00 | Create | Villager (Male) |
| 6:00 | Create | Villager (Male) |
| 6:00 | Create | Villager (Male) |
| 6:21 | Build | House |
| 6:30 | Create | Villager (Male) |
| 6:30 | Create | Villager (Male) |
| 6:56 | Create | Villager (Male) |
| 6:56 | Create | Villager (Male) |
| 7:32 | Create | Villager (Male) |
| 7:32 | Create | Villager (Male) |
| 7:32 | Create | Villager (Male) |
| 8:00 | Create | Villager (Male) |
| 8:01 | Create | Villager (Male) |
| 8:28 | Create | Villager (Male) |
| 8:28 | Create | Villager (Male) |
| 8:28 | Create | Villager (Male) |
| 9:01 | Create | Villager (Male) |
| 9:02 | Create | Villager (Male) |
| 9:02 | Create | Villager (Male) |
| 9:19 | Create | Villager (Male) |
| 9:19 | Create | Villager (Male) |
| 9:20 | Create | Villager (Male) |
| 9:20 | Create | Villager (Male) |
| 9:39 | Build | Mill |
| 10:04 | Create | Villager (Male) |
| 10:04 | Create | Villager (Male) |
| 10:04 | Create | Villager (Male) |
| 10:05 | Create | Villager (Male) |
| 10:34 | Build | House |
| 10:37 | Create | Villager (Male) |
| 10:37 | Create | Villager (Male) |
| 10:37 | Create | Villager (Male) |
| 10:45 | Build | House |
| 11:48 | Create | Villager (Male) ×4 |
| 13:03 | Build | Lumber Camp |
Build order — YJHAN
61 actions detected in the replay
| 0:10 | Build | House |
| 0:11 | Build | House |
| 0:14 | Research | Loom |
| 0:15 | Create | Villager (Male) |
| 0:16 | Create | Villager (Male) |
| 0:16 | Create | Villager (Male) |
| 0:16 | Create | Villager (Male) |
| 0:16 | Create | Villager (Male) |
| 0:16 | Create | Villager (Male) |
| 0:16 | Create | Villager (Male) |
| 3:54 | Create | Villager (Male) |
| 3:54 | Create | Villager (Male) |
| 4:14 | Create | Villager (Male) |
| 4:14 | Create | Villager (Male) |
| 4:14 | Create | Villager (Male) |
| 4:59 | Create | Villager (Male) |
| 4:59 | Create | Villager (Male) |
| 5:00 | Create | Villager (Male) |
| 5:31 | Build | House |
| 5:31 | Build | House |
| 5:33 | Build | House |
| 5:41 | Create | Villager (Male) |
| 5:41 | Create | Villager (Male) |
| 5:41 | Create | Villager (Male) |
| 6:34 | Create | Villager (Male) |
| 6:34 | Create | Villager (Male) |
| 6:34 | Create | Villager (Male) |
| 7:07 | Create | Villager (Male) |
| 7:08 | Create | Villager (Male) |
| 7:08 | Create | Villager (Male) |
| 7:39 | Build | Palisade Wall |
| 7:44 | Build | Palisade Gate |
| 7:52 | Create | Villager (Male) |
| 7:53 | Create | Villager (Male) |
| 7:53 | Create | Villager (Male) |
| 8:22 | Create | Villager (Male) |
| 8:22 | Create | Villager (Male) |
| 8:22 | Create | Villager (Male) |
| 9:18 | Create | Villager (Male) |
| 9:18 | Create | Villager (Male) |
| 9:19 | Create | Villager (Male) |
| 9:19 | Create | Villager (Male) |
| 9:19 | Create | Villager (Male) |
| 10:00 | Build | Mill |
| 10:48 | Create | Villager (Male) |
| 10:48 | Create | Villager (Male) |
| 10:48 | Create | Villager (Male) |
| 10:49 | Create | Villager (Male) |
| 11:24 | Create | Villager (Male) |
| 12:01 | Build | Lumber Camp |
| 12:18 | Build | Mill |
| 12:23 | Create | Villager (Male) |
| 12:24 | Create | Villager (Male) |
| 12:24 | Create | Villager (Male) |
| 12:24 | Create | Villager (Male) |
| 12:24 | Create | Villager (Male) |
| 13:10 | Create | Villager (Male) |
| 13:12 | Create | Villager (Male) |
| 13:21 | Build | House |
| 13:25 | Build | House |
| 13:28 | Build | House |
Build order — Mariscal_Lopez
50 actions detected in the replay
| 0:02 | Create | Villager (Male) |
| 0:02 | Create | Villager (Male) |
| 0:03 | Build | House |
| 0:59 | Build | House |
| 1:00 | Build | House |
| 1:01 | Build | House |
| 1:04 | Build | House |
| 1:10 | Create | Villager (Male) |
| 1:11 | Create | Villager (Male) |
| 1:11 | Create | Villager (Male) |
| 1:48 | Build | Palisade Wall |
| 2:38 | Build | House |
| 2:40 | Build | House |
| 2:44 | Build | Palisade Wall |
| 2:46 | Build | Palisade Wall |
| 3:18 | Create | Villager (Male) |
| 3:18 | Create | Villager (Male) |
| 4:01 | Research | Loom |
| 4:26 | Create | Villager (Male) |
| 4:26 | Create | Villager (Male) |
| 5:31 | Create | Villager (Male) |
| 5:31 | Create | Villager (Male) |
| 5:32 | Create | Villager (Male) |
| 6:03 | Create | Villager (Male) |
| 6:03 | Create | Villager (Male) |
| 6:04 | Create | Villager (Male) |
| 6:16 | Create | Villager (Male) |
| 6:29 | Create | Villager (Male) |
| 6:30 | Create | Villager (Male) |
| 7:11 | Build | Lumber Camp |
| 7:57 | Create | Villager (Male) |
| 7:58 | Create | Villager (Male) |
| 7:58 | Create | Villager (Male) |
| 9:09 | Create | Villager (Male) |
| 9:21 | Build | House |
| 9:30 | Create | Villager (Male) |
| 9:37 | Create | Villager (Male) |
| 9:41 | Build | Mill |
| 10:03 | Build | House |
| 10:04 | Build | House |
| 10:38 | Create | Villager (Male) |
| 10:38 | Create | Villager (Male) |
| 10:52 | Build | House |
| 10:54 | Build | House |
| 11:01 | Build | Palisade Wall |
| 11:08 | Build | Palisade Wall |
| 11:22 | Create | Villager (Male) |
| 12:20 | Build | Barracks |
| 12:43 | Research | Feudal Age |
| 13:12 | Build | Mill |
Match timeline
| 0:44 | SolMat · wall_segment Palisade Wall x12 |
| 0:56 | SolMat · wall_segment Palisade Wall x13 |
| 1:46 | MANlGOLDO · wall_segment Palisade Wall x8 |
| 1:48 | Mariscal_Lopez · wall_segment Palisade Wall x1 |
| 2:44 | Mariscal_Lopez · wall_segment Palisade Wall x2 |
| 2:45 | MANlGOLDO · wall_segment Palisade Wall x1 |
| 2:46 | Mariscal_Lopez · wall_segment Palisade Wall x4 |
| 2:49 | MANlGOLDO · wall_segment Palisade Wall x1 |
| 4:28 | SolMat · wall_segment Palisade Wall x1 |
| 4:29 | SolMat · wall_segment Palisade Wall x1 |
| 7:39 | YJHAN · wall_segment Palisade Wall x9 |
| 11:01 | Mariscal_Lopez · wall_segment Palisade Wall x3 |
| 11:08 | Mariscal_Lopez · wall_segment Palisade Wall x3 |
| 11:59 | JAF23 · age_up feudal |
| 12:20 | Mariscal_Lopez · first_building Barracks |
| 12:26 | JAF23 · resign |
| 13:19 | david_gonz · age_up feudal |
[ AI ANALYSIS · 1 CREDIT ]
What really happened in this match?
Wolo.gg analyzes every decision: build order, eco, micro, common mistakes by bracket. Personalized analysis on WhatsApp or Discord in 30 seconds.
Civ guide
Khmer
Map guide
Black Forest
Perfil
fedeginard